 Dungeon Sprint DCSS version 0.31-a0-844-gdc52ec4e09 (webtiles) character file.

Game seed: 5271081885299385956

1561 sircluck the Grappler (level 8, -8/139 HPs)
             Began as a Troll Berserker on Sept 29, 2023.
             Was a Believer of Trog.
             Mangled by an elephant (15 damage)
             ... in the Dungeon (Sprint VII: "The Pits").
             The game lasted 00:01:04 (290 turns).

sircluck the Grappler (Troll Berserker)              Turns: 290, Time: 00:01:05

Health: -8/139     AC:  4    Str: 28    XL:     8   Next: 58%
Magic:  7/7        EV: 12    Int:  3    God:    Trog [**....]
Gold:   0          SH:  0    Dex:  9    Spells: 7/7 levels left

rFire   . .          .
                       - Unarmed
rCold   . . .        (no shield)
rNeg    . . .        a - +0 animal skin
rPois   .            (helmet restricted)
rElec   .            (no cloak)
rCorr   .            (gloves unavailable)
SInv    .            (boots unavailable)
Will    .....        (no amulet) Stlth
                     (no ring)
HPRegen 1.23/turn    (no ring)
MPRegen 0.10/turn

%: no teleportation
@: berserking (expiring), lethally poisoned (-8 -> -31), very quick
A: large, unfitting armour, claws 3, regeneration 1, shaggy fur 1, tough skin 1
a: Renounce Religion, Berserk, Trog's Hand


You were in the Dungeon.
You worshipped Trog.
Trog was pleased with you.
You visited 1 branch

Inventory:

Armour
 a - a +0 animal skin (worn)
Scrolls
 g - a scroll of blinking
Potions
 b - a potion of curing
 c - a potion of heal wounds
 d - a potion of haste
 e - 2 potions of magic
 f - a potion of berserk rage


   Skills:
 + Level 9.9 Fighting
 + Level 9.8 Dodging
 + Level 11.6 Unarmed Combat


You had 7 spell levels left.
You didn't know any spells.
Your spell library was empty.

Dungeon Overview and Level Annotations

Branches:
Dungeon (1/1)

Altars:


Innate Abilities, Weirdness & Mutations

You are too large for most types of armour.
You have claws for hands.
Your natural rate of healing is unusually fast.
You are covered in fur. (AC +1)
You have tough skin. (AC +1)


Message History

You feel very sick. The sea snake bites you!!
You are lethally poisoned!
The sea snake poisons you!
You mangle the sea snake!!
The sea snake is almost dead.
You feel extremely sick.
You claw the sea snake!
You kill the sea snake!
Trog accepts your kill.
You feel extremely sick.
Your Dodging skill increases to level 9!
Your Unarmed Combat skill increases to level 11!
Unknown command.
Unknown command.
Unknown command.
Unknown command.
* * * LOW HITPOINT WARNING * * *
You feel extremely sick.
You claw the elephant!
The elephant is lightly wounded.
* * * LOW HITPOINT WARNING * * *
You feel very sick.
You mangle the elephant!!
The elephant is heavily wounded.
* * * LOW HITPOINT WARNING * * *
You feel very sick. The elephant tramples you!
* * * LOW HITPOINT WARNING * * *
You stumble backwards!
You claw the elephant!
The elephant is severely wounded.
* * * LOW HITPOINT WARNING * * *
You feel very sick.
You scratch the elephant but do no damage.
The elephant is severely wounded.
* * * LOW HITPOINT WARNING * * *
You feel very sick. The elephant tramples you!
You die...

............#
..#..#......#
............+
............+
..#..#......#
............#
#####''######
...##''# ########
...##..##
##@Y†...#
...##...##
##..##...#
...###...##+##..##
..+ ...#
##..†.......# .#
...#
#..###+###...# #
...##..## ##..#
#####.. +..+ #..
#..# ##. ...#


You could see an elephant.

Vanquished Creatures
  2 sea snakes (D)
  A wraith (D)
  A jumping spider (D)
  An acid dragon (D)
  An ice beast (D)
6 creatures vanquished.

Notes
Turn   | Place    | Note
-------+----------+-------------------------------------------
     0 | D        | sircluck the Troll Berserker began the quest for the Orb.
     0 | D        | Reached XP level 1. HP: 22/22 MP: 0/0
    20 | D        | Noticed an ice beast
    20 | D        | Noticed a wraith
    26 | D        | Killed an ice beast
    26 | D        | Noticed an acid dragon
    27 | D        | Reached skill level 5 in Unarmed Combat
    27 | D        | Reached XP level 2. HP: 33/33 MP: 1/1
    27 | D        | Reached XP level 3. HP: 41/41 MP: 2/2
    27 | D        | Reached XP level 4. HP: 49/49 MP: 3/3
    30 | D        | Killed a wraith
    31 | D        | Reached skill level 7 in Unarmed Combat
    31 | D        | Reached XP level 5. HP: 61/61 MP: 4/4
    33 | D        | Killed an acid dragon
    33 | D        | Reached ** piety under Trog
    34 | D        | Reached skill level 8 in Unarmed Combat
    34 | D        | Reached XP level 6. HP: 71/71 MP: 5/5
    70 | D        | Noticed a jumping spider
   188 | D        | Killed a jumping spider
   189 | D        | Reached skill level 9 in Unarmed Combat
   212 | D        | Noticed a sea snake
   223 | D        | Killed a sea snake
   224 | D        | Reached skill level 10 in Unarmed Combat
   224 | D        | Reached XP level 7. HP: 72/83 MP: 6/6
   224 | D        | Reached XP level 8. HP: 81/92 MP: 7/7
   277 | D        | Noticed an elephant
   277 | D        | Noticed a sea snake
   285 | D        | Killed a sea snake
   286 | D        | Reached skill level 11 in Unarmed Combat
   290 | D        | Mangled by an elephant

Illustrated notes

Levels and vault maps discovered:
D:        pitsprint [storerooms_1, entrance_room_1, metal_vault_5, armoury_2,
          mini_pit_1, grid_room_1, main_hall_1, silver_pit, the_coven_2,
          the_vestibule_1, steel_vault_2, golden_pit, hallway_of_sentries,
          crystal_vault_1, iron_vault_1, final_vault]

Skill      XL: |  1  2  3  4  5  6  7  8 |
---------------+-------------------------+-----
Fighting       | 4 6 7 9 |  9.9
Dodging        | 4 6 7 8 9 |  9.8
Unarmed Combat | 5 7 8 10 11 | 11.6

Action                     |  1- 3 |  4- 6 |  7- 9 || total
---------------------------+-------+-------+-------++-------
  Melee: Unarmed           |     3 |    24 |    11 ||    38
 Invoke: Berserk           |     1 |     2 |     1 ||     4
 Armour: Animal skin       |     1 |    12 |     6 ||    19
  Dodge: Dodged            |       |     9 |       ||     9

Table legend: (Time is in decaauts)
 A = Elapsed time spent in this place.
 B = Non-inter-level travel time spent in this place.
 C = Inter-level travel time spent in this place.
 D = Time resting spent in this place.
 E = Time spent auto-exploring this place.
 F = Levels seen in this place.
 G = Mean time per level.
                   A        B        C        D        E       F      G
               +--------+--------+--------+--------+--------+-----+--------+
         Total |    306 |    306 |      0 |    221 |      3 |   1 |  306.0 |
       Dungeon |    306 |    306 |      0 |    221 |      3 |   1 |  306.0 |
               +--------+--------+--------+--------+--------+-----+--------+

Top non-repeatable levels by time:
       D: 306 daAuts
